 Dungeon Crawl Stone Soup version 0.20-a0-870-g4070442 (webtiles) character file.

16 JeffiDaFish the Digger (level 2, 0/15 HPs)
             Began as a Gargoyle Earth Elementalist on Mar 13, 2017.
             Slain by a jackal (2 damage)
             ... on level 1 of the Dungeon.
             The game lasted 00:01:38 (378 turns).

JeffiDaFish the Digger (Gargoyle Earth Elementalist) Turns: 378, Time: 00:01:39

Health: 0/15       AC:  4    Str: 11    XL:     2   Next: 58%
Magic:  0/5        EV: 12    Int: 15    God:
Gold:   47         SH:  0    Dex: 10    Spells: 4/5 levels left

rFire    . . .     SeeInvis .   a - +0 short sword
rCold    . . .     Gourm    .   c - +0 robe
rNeg     + . .     Faith    .   (no shield)
rPois    ∞         Spirit   +   (no helmet)
rElec    +         Reflect  .   h - scarf {Spirit}
rCorr    .         Harm     .   (no gloves)
MR       .....                  (no boots)
Stlth    ++........             i - amulet of inaccuracy (curse)
Regen    0.1/turn               (no ring)
MPRegen  0.1/turn               (no ring)

@: no status effects
A: negative energy resistance 1, electricity resistance, unbreathing,
petrification resistance, rot immunity, AC +2
a: no special abilities


You were on level 1 of the Dungeon.
You were not hungry.

You visited 1 branch of the dungeon, and saw 1 of its levels.

You collected 47 gold pieces.

Inventory:

Hand Weapons
 a - a +0 short sword (weapon)
Missiles
 b - 32 stones (quivered)
Armour
 c - a +0 robe (worn)
 h - a scarf of spirit shield (worn)
Jewellery
 i - a cursed amulet of inaccuracy (around neck)
Scrolls
 k - a scroll of identify
Books
 e - a book of Geomancy

   Spells                             Type                      Level
   a - Sandblast                      Earth                        1
   b - Passwall                       Transmutation/Earth          2
   c - Stone Arrow                    Conjuration/Earth            3
   d - Petrify                        Transmutation/Earth          4
   e - Lee's Rapid Deconstruction     Earth                        5
Comestibles
 d - a bread ration
 f - 6 chunks of flesh
 g - 2 fruits
 j - a royal jelly


   Skills:
 + Level 1.8 Dodging
 + Level 2.2 Stealth
 + Level 2.1 Spellcasting
   Level 0.7 Transmutations
 + Level 4.2 Earth Magic


You had 4 spell levels left.
You knew the following spells:

 Your Spells              Type           Power        Failure   Level  Hunger
a - Sandblast             Erth           ##....       4%          1    #......


Dungeon Overview and Level Annotations

Branches:
Dungeon (1/15)

Altars:


Innate Abilities, Weirdness & Mutations

You are resistant to torment.
Your stone body is resilient. (AC +2)
You are immune to poison.
You resist negative energy. (rN+)
You are resistant to electric shocks. (rElec)
You can survive without breathing.
You are immune to petrification.
You are immune to rotting.


Message History

You barely miss the jackal. The jackal barely misses you.
The jackal bites you but does no damage.
The jackal misses you. The jackal barely misses you.
You barely miss the jackal. The jackal completely misses you.
The jackal barely misses you. The jackal misses you. The jackal bites you.
* * * LOW HITPOINT WARNING * * *
The jackal bites you.
* * * LOW HITPOINT WARNING * * *
The jackal bites you but does no damage.
The jackal barely misses you.
The jackal bites you but does no damage.
Your magical contamination has completely faded away.
You open the door.
The jackal bites you but does no damage.
The jackal completely misses you.
The jackal bites you but does no damage.
The jackal bites you.
There is an open door here.
The jackal bites you.
You die...

... ....# .w ####.#
##.#######...
.##..h........#
...?..h...###.#
#########.###..
#########......
.#########.w......†....#
.......@hhh............+
##########........#....#
#........#....#
#........#....#
##########....# #....#
##########....#
#..............
#..........##..


You could see a dart slug and 3 jackals.

Vanquished Creatures
  An ooze (D:1)
  5 bats (D:1)
  A goblin (D:1)
  A jackal (D:1)
  2 frilled lizards (D:1)
  A kobold (D:1)
  3 rats (D:1)
14 creatures vanquished.

Notes
Turn   | Place    | Note
-------+----------+-------------------------------------------
     0 | D:1      | JeffiDaFish the Gargoyle Earth Elementalist began the quest for the Orb.
     0 | D:1      | Reached XP level 1. HP: 10/10 MP: 3/3
   112 | D:1      | Reached XP level 2. HP: 14/15 MP: 3/5
   194 | D:1      | Reached skill level 4 in Earth Magic
   378 | D:1      | Slain by a jackal

Vault maps used:
D:1:      dpeg_cavernosity, minmay_box_of_dots

Skill      XL: |  1  2 |
---------------+-------+-----
Earth Magic    | 4 |  4.2
Dodging        | |  1.8
Stealth        | |  2.2
Spellcasting   | |  2.1
Transmutations | |  0.7

Action                   || total
-------------------------++-------
Melee: Short sword       ||    35
 Cast: Sandblast         ||     9
  Use: Scroll            ||     3
 Stab: Sleeping          ||     1
Armor: Robe              ||    33
Dodge: Dodged            ||    59
